 Dungeon Crawl Stone Soup version 0.28.0-43-g3370ac3207 (webtiles) character file.

Game seed: 13301163861476429340

425 xzight the Skirmisher (level 6, -2/60 HPs)
             Began as a Gargoyle Fighter on Mar 7, 2022.
             Was a Follower of Okawaru.
             Slain by a gnoll
             ... wielding a +0 halberd
              (7 damage)
             ... on level 4 of the Dungeon.
             The game lasted 00:08:29 (3609 turns).

xzight the Skirmisher (Gargoyle Fighter)            Turns: 3609, Time: 00:08:30

Health: -2/60      AC: 23    Str: 21    XL:     6   Next: 96%
Magic:  7/7        EV:  2    Int:  9    God:    Okawaru [*.....]
Gold:   55         SH:  4    Dex:  9    Spells: 5/5 levels left

rFire   . . .      SeeInvis .   a - +0 broad axe
rCold   . . .      Faith    .   c - +0 buckler
rNeg    + . .      Spirit   .   (armour currently unavailable)
rPois   ∞          Reflect  .   (helmet currently unavailable)
rElec   .          Harm     .   (cloak currently unavailable)
rCorr   .          Rampage  .   (gloves currently unavailable)
Will    +....      NoTele   +   (boots currently unavailable)
Stlth   +.........              (no amulet)
HPRegen 0.20/turn               W - ring of willpower
MPRegen 0.10/turn               (no ring)

@: brilliant, tree-form, attractive
A: stationary, stasis, torment immunity, boosted hp, sickness immunity, AC +4,
negative energy resistance 1, (electricity resistance), torment resistance 1,
petrification resistance
a: Renounce Religion, Heroism


You were on level 4 of the Dungeon.
You worshipped Okawaru.
Okawaru was aware of your devotion.
You were a tree.
You visited 2 branches of the dungeon, and saw 5 of its levels.

You collected 163 gold pieces.
You spent 108 gold pieces at shops.


Innate Abilities, Weirdness & Mutations

You are a tree.
Your roots penetrate the ground, keeping you stationary.
You cannot be teleported.
You are immune to unholy pain and torment.
Your maximum health is greatly increased.
Your equipment is partially melded.
You are immune to sickness and miasma.
((Your stone body is resilient. (AC +4)))
You are immune to poison.
You resist negative energy. (rN+)
((You are resistant to electric shocks. (rElec)))
You are resistant to unholy torment.
You are immune to petrification.


   Skills:
 + Level 4.9 Fighting
 * Level 4.6 Axes
 + Level 4.8 Armour
 - Level 3.2 Shields
 + Level 1.7 Invocations


You had 5 spell levels left.
You didn't know any spells.
Your spell library was empty.

Inventory:

Hand Weapons
 a - a +0 broad axe (weapon)
 q - a +0 war axe
Missiles
 g - 3 boomerangs (quivered)
Armour
 c - a +0 buckler (worn)
 f - a +0 helmet (melded)
 k - a +0 tower shield
 l - a +0 plate armour (melded)
Jewellery
 W - a ring of willpower (left branch)
Scrolls
 e - a scroll of magic mapping {unknown}
 h - a scroll of vulnerability {unknown}
 n - a scroll of teleportation {unknown}
 p - a scroll of identify {unknown}
 s - a scroll of fog {unknown}
Potions
 b - a potion of ambrosia {unknown}
 d - a potion of might
 i - a potion of lignification
 j - 3 potions of brilliance
 m - 2 potions of haste {unknown}
 o - 2 potions of curing {unknown}
 r - a potion of attraction

Dungeon Overview and Level Annotations

Branches:
Dungeon (4/15)             Temple (1/1) D:4

Altars:
Ashenzari
Cheibriados
Dithmenos
Elyvilon
Fedhas
Gozag
Hepliaklqana
Kikubaaqudgha
Makhleb
Nemelex Xobeh
Okawaru
Qazlal
Ru
Sif Muna
Trog
Uskayaw
Vehumet
Wu Jian
Xom
Yredelemnul
Zin
The Shining One

Shops:
D:3

( ########### #.........#
#.#######.# #.# #.#
#####.#######.##
#ggSg♣....##...######
#.###.###.#.........# #.#
#..........####.#
#####S#######........##.##
#S.......# ####..##......
#)###.##.# #..#####.##
#.###.##.# #........##
#S##..##.## ##...#######
#g##.....)# ##.....## #


You could see 2 gnolls and a ball python.


Message History

* * * LOW HITPOINT WARNING * * *
The gnoll hits you from afar with a +0 halberd!
* * * LOW HITPOINT WARNING * * *
You are no longer glowing.
You slash the gnoll!
You kill the gnoll!
Okawaru accepts your kill. You block the gnoll's attack.
The gnoll hits you from afar with a +0 halberd!
* * * LOW HITPOINT WARNING * * *
The gnoll barely misses you. The gnoll closely misses you.
Okay, then.
The gnoll hits you from afar with a +0 halberd.
* * * LOW HITPOINT WARNING * * *
The gnoll completely misses you.
It was a potion of brilliance.
You feel clever all of a sudden. The gnoll hits you but does no damage.
The gnoll barely misses you.
It was a potion of attraction.
You feel attractive to monsters. The gnoll closely misses you.
The gnoll is attracted toward you.
The ball python is attracted toward you.
The gnoll is attracted toward you.
It was a potion of lignification.
You turn into a tree.
Your +0 helmet melds into your body.
Your +0 plate armour melds into your body.
Your roots penetrate the ground.
The gnoll hits you but does no damage. The gnoll hits you with a +0 halberd!
You die...

Skill      XL: |  1  2  3  4  5  6 |
---------------+-------------------+-----
Axes           | 2 3 4 |  4.6
Fighting       | 4 |  4.9
Armour         | 4 |  4.8
Invocations    | 1 |  1.7
Shields        | |  3.2

Action                   |  1- 3 |  4- 6 || total
-------------------------+-------+-------++-------
Melee: War axe           |   101 |    43 ||   144
       Broad axe         |       |    79 ||    79
Throw: Boomerang         |     1 |       ||     1
  Use: Potion            |       |     3 ||     3
Armor: Scale mail        |    39 |       ||    39
       Chain mail        |    20 |       ||    20
       Plate armour      |     1 |    92 ||    93
       Skin              |       |     1 ||     1
Dodge: Dodged            |    48 |    47 ||    95
Block: Buckler           |    18 |    34 ||    52

Levels and vault maps discovered:
D:1:      heliophobic_arrival_dark_side_of_the_moon, layout_basic, hex_large
D:2:      layout_basic
D:3:      layout_basic, mainiacjoe_overflow_cross_hatched,
          shapermc_ecumenical_altar_mp_vishouse, serial_shops,
          nicolae_shop_waterfront
D:4:      layout_loops_corners, minmay_temple_entry_drinking_statues
Temple:   grunt_wide_crystal_templ

Notes
Turn   | Place    | Note
-------+----------+-------------------------------------------
     0 | D:1      | xzight the Gargoyle Fighter began the quest for the Orb.
     0 | D:1      | Reached XP level 1. HP: 14/14 MP: 1/1
   353 | D:1      | Reached skill level 2 in Axes
   500 | D:1      | Reached XP level 2. HP: 19/19 MP: 2/2
  1062 | D:2      | Reached XP level 3. HP: 24/24 MP: 3/3
  1650 | D:3      | Reached XP level 4. HP: 28/29 MP: 4/4
  1749 | D:3      | Reached skill level 3 in Axes
  1906 | D:3      | Found Viex's Antique Weapon Shoppe.
  1914 | D:3      | Found a sacrificial altar of Ru.
  1939 | D:3      | Reached skill level 4 in Fighting
  2031 | D:3      | Found a faded altar of an unknown god.
  2397 | D:3      | Bought a broad axe for 108 gold pieces
  2419 | D:4      | Noticed a water moccasin
  2438 | D:3      | Killed a water moccasin
  2439 | D:3      | Reached skill level 4 in Armour
  2439 | D:3      | Reached XP level 5. HP: 14/34 MP: 5/5
  3048 | D:4      | Found a staircase to the Ecumenical Temple.
  3051 | D:4      | Identified the +3 short sword of Neipil {venom, *Rage rPois
                  | Dex+4}
  3054 | Temple   | Entered the Ecumenical Temple
  3110 | Temple   | Became a worshipper of Warmaster Okawaru
  3157 | D:4      | Reached skill level 4 in Axes
  3157 | D:4      | Reached XP level 6. HP: 28/39 MP: 6/6
  3387 | D:4      | Noticed a necrophage
  3398 | D:4      | Killed a necrophage
  3399 | D:4      | Reached skill level 1 in Invocations
  3585 | D:4      | Reached * piety under Okawaru
  3597 | D:4      | HP: 4/40 [gnoll/+0 halberd (7)]
  3603 | D:4      | HP: 3/40 [gnoll/+0 halberd (2)]
  3609 | D:4      | Slain by a gnoll

Vanquished Creatures
  A water moccasin (D:3)
  A necrophage (D:4)
  A jelly (D:4)
  A gnoll shaman (D:4)
  A centaur skeleton (D:4)
  A bullfrog skeleton (D:4)
  A hound skeleton (D:4)
  A gnoll (D:4)
  An adder (D:2)
  An adder skeleton (D:4)
  2 worms (D:2)
  A dart slug (D:2)
  3 orcs
  6 ball pythons
  6 endoplasms
  4 giant cockroaches
  6 goblins
  6 hobgoblins
  4 quokkas
  6 bats
  8 kobolds
  4 rats
66 creatures vanquished.

Vanquished Creatures (others)
  8 plants (D:3)
8 creatures vanquished.

Grand Total: 74 creatures vanquished

Table legend: (Time is in decaauts)
 A = Elapsed time spent in this place.
 B = Non-inter-level travel time spent in this place.
 C = Inter-level travel time spent in this place.
 D = Time resting spent in this place.
 E = Time spent auto-exploring this place.
 F = Levels seen in this place.
 G = Mean time per level.
                   A        B        C        D        E       F      G
               +--------+--------+--------+--------+--------+-----+--------+
         Total |   3708 |   3541 |    167 |   1190 |   1524 |   5 |  741.6 |
       Dungeon |   3635 |   3485 |    150 |   1190 |   1492 |   4 |  908.8 |
        Temple |     73 |     56 |     17 |      0 |     32 |   1 |   73.0 |
               +--------+--------+--------+--------+--------+-----+--------+

Top non-repeatable levels by time:
     D:1: 1074 daAuts
     D:3: 1003 daAuts
     D:4: 981 daAuts
     D:2: 575 daAuts
  Temple: 73 daAuts

Table legend:
 A = Non-vault XP
 B = Vault XP
 C = Vault XP percentage of total XP
 D = Non-vault monster count
 E = Vault monster count
 F = Vault count percentage of total count
                 A         B        C        D         E       F
            +---------+---------+-------+---------+---------+-------
      Total |     608 |       0 |   0.0 |      66 |       0 |   0.0
            +---------+---------+-------+---------+---------+-------
        D:1 |      33 |       0 |   0.0 |      20 |       0 |   0.0
        D:2 |      44 |       0 |   0.0 |      13 |       0 |   0.0
        D:3 |     174 |       0 |   0.0 |      18 |       0 |   0.0
        D:4 |     357 |       0 |   0.0 |      15 |       0 |   0.0
            +---------+---------+-------+---------+---------+-------
